Map: Acropolis LE

Players

SortOf

  • Race: Zerg Zerg
  • Spawn Location: 11:00

SKillous - Winner!

  • Race: Protoss Protoss
  • Spawn Location: 5:00

VOD

Have the link to the VOD?

Description

Time

  • Played on: Sept. 7, 2019, 12:04 a.m.
  • Length: 13:48
Show
View Real Time Build Order
Export as new Build Order

SortOf Zerg 

Build Orders: Hatch First, Brood Lord Corruptor 

Get SALT Encoding   

  12  0:00  Drone  
  13  0:12  Overlord  
  13  0:16  Drone  
  14  0:30  Drone x2  
  16  0:45  Drone x2  
  18  0:55  Hatchery  
  17  0:57  Drone  
  17  1:04  Extractor  
  17  1:07  Drone  
  18  1:17  Spawning Pool  
  17  1:20  Drone  
  18  1:27  Drone  
  19  1:39  Drone  
  20  1:51  Overlord  
  20  2:02  Drone  
  20  2:06  Queen  
  20  2:07  Queen  
  25  2:08  Zergling x2  
  25  2:11  Metabolic Boost  
  25  2:13  Zergling x2  
  27  2:17  Zergling x2  
  27  2:21  Drone  
  29  2:29  Drone  
  30  2:33  Drone  
  31  2:40  Hatchery  
  31  2:42  Zergling x2  
  31  2:47  Overlord  
  31  2:53  Queen  
  33  3:00  Drone x2  
  34  3:06  Queen  
  34  3:07  Drone  
  34  3:10  Drone  
  38  3:13  Drone  
  38  3:19  Drone  
  35  3:28  Drone x2  
  35  3:34  Drone  
  35  3:37  Overlord  
  36  3:44  Drone  
  36  3:45  Queen  
  39  3:48  Drone  
  39  3:52  Overlord  
  39  3:54  Drone  
  41  3:59  Spore Crawler  
  41  4:02  Zergling x2  
  41  4:04  Spore Crawler, Drone x2  
  41  4:05  Drone  
  41  4:09  Drone  
  44  4:10  Drone  
  44  4:13  Drone  
  44  4:15  Drone x2  
  48  4:17  Drone  
  48  4:22  Drone  
  50  4:26  Drone x3  
  50  4:27  Drone  
  54  4:37  Drone x4  
  58  4:39  Overlord  
  58  4:44  Overlord  
  58  4:49  Overlord  
  58  4:50  Roach Warren  
  57  4:56  Drone x3  
  57  4:58  Drone x2  
  57  4:59  Drone  
  61  5:00  Drone  
  61  5:01  Drone  
  61  5:05  Drone x2  
  65  5:10  Drone x5  
  69  5:15  Lair  
  69  5:18  Extractor  
  69  5:19  Spore Crawler  
  69  5:20  Extractor  
  66  5:23  Drone x2  
  66  5:26  Drone  
  69  5:30  Roach x4  
  69  5:35  Drone x5  
  82  5:38  Overlord x2  
  82  5:41  Overlord, Extractor  
  81  5:44  Overlord  
  81  5:47  Overlord  
  81  5:50  Overlord, Extractor x2  
  81  5:53  Roach  
  81  5:59  Roach x3  
  81  6:03  Drone, Queen  
  89  6:05  Drone x3  
  89  6:10  Roach x4  
  100  6:16  Ravager, Roach  
  100  6:17  Roach x2  
  107  6:23  Roach x2  
  111  6:30  Roach  
  103  6:33  Roach x3  
  103  6:34  Drone x5  
  104  6:40  Roach x2  
  104  6:42  Queen  
  104  6:43  Roach  
  104  6:46  Roach  
  108  6:49  Roach  
  108  6:52  Drone x4  
  109  7:00  Evolution Chamber, Drone x2  
  110  7:01  Baneling Nest  
  110  7:06  Overseer  
  109  7:14  Hatchery  
  108  7:16  Drone  
  108  7:18  Glial Reconstitution  
  109  7:23  Queen  
  109  7:24  Overlord  
  109  7:25  Roach x5  
  109  7:27  Overseer  
  109  7:29  Overlord  
  121  7:33  Overlord  
  121  7:34  Overlord  
  122  7:38  Overlord  
  122  7:46  Roach x4  
  122  7:49  Ravager x5  
  135  7:53  Roach x2  
  138  7:59  Overlord  
  138  8:03  Centrifical Hooks  
  138  8:09  Hatchery  
  138  8:12  Overlord, Zerg Melee Weapons Level 1  
  137  8:14  Zergling x2  
  137  8:15  Zergling x20  
  148  8:28  Infestation Pit  
  148  8:31  Spire, Roach  
  148  8:32  Roach x2  
  148  8:34  Zergling x8  
  156  8:41  Drone x4  
  160  8:53  Drone x2  
  160  8:54  Drone x4  
  166  8:58  Baneling x10  
  166  8:59  Baneling  
  166  9:01  Drone x5  
  166  9:02  Extractor  
  170  9:05  Extractor, Zergling x6  
  170  9:08  Baneling x4  
  170  9:09  Baneling x3  
  169  9:13  Roach x3  
  175  9:22  Roach x3  
  175  9:23  Roach x3  
  166  9:28  Roach  
  166  9:30  Queen  
  157  9:33  Roach x5  
  157  9:35  Roach  
  156  9:39  Roach  
  156  9:42  Ravager x3  
  156  9:43  Roach x2  
  151  9:50  Roach  
  151  9:51  Roach x3  
  157  9:59  Hive  
  155  10:00  Queen  
  155  10:03  Zergling x10  
  155  10:04  Zergling x2  
  159  10:11  Hatchery  
  148  10:18  Zergling x18  
  151  10:22  Baneling  
  151  10:23  Baneling x11  
  151  10:32  Zergling x6  
  151  10:33  Zergling x12  
  160  10:40  Baneling x3  
  160  10:44  Drone x6  
  166  10:52  Overlord  
  162  11:07  Roach  
  162  11:08  Zergling x6, Roach x4  
  157  11:16  Zerg Melee Weapons Level 2  
  156  11:18  Greater Spire  
  156  11:19  Adrenal Glands  
  156  11:20  Drone x7  
  156  11:23  Zergling x4  
  165  11:31  Zergling x4  
  159  11:36  Zergling x4  
  159  11:38  Baneling x4  
  159  11:42  Corruptor x4  
  159  11:45  Overlord  
  167  11:55  Zergling x14  
  167  11:59  Corruptor x2, Ravager  
  167  12:00  Ravager  
  179  12:17  Corruptor x2, Hatchery  
  182  12:24  Baneling x4  
  180  12:31  Brood Lord x4  
  180  12:36  Zergling x12  
  192  12:41  Overlord x2  
  190  12:48  Brood Lord  
  192  12:53  Overlord  
  190  13:01  Brood Lord  
  190  13:04  Corruptor  
  183  13:06  Zergling x2  
  183  13:07  Zergling x24  
  174  13:15  Zergling x12  
  174  13:18  Corruptor  
  160  13:22  Zergling x10  
  151  13:29  Roach x2  
Show
View Real Time Build Order
Export as new Build Order

SKillous Protoss - Winner!

Build Orders: 1 Gate Expand, Oracle Opening, Phoenix Opening, Archon Immortal, Archon Drop 

Get SALT Encoding   

  12  0:00  Probe  
  13  0:12  Probe  
  14  0:19  Pylon  
  14  0:24  Probe  
  15  0:34  Probe  
  15  0:40  Gateway  
  15  0:42  Probe  
  17  0:50  Assimilator  
  17  0:52  Probe  
  19  1:04  Probe  
  19  1:16  Probe  
  20  1:27  Cybernetics Core  
  20  1:37  Nexus  
  20  1:44  Pylon  
  20  1:48  Probe  
  20  1:53  Adept  
  21  1:54  Assimilator  
  21  2:00  Probe  
  24  2:12  Probe  
  25  2:16  Adept  
  25  2:22  Stargate  
  25  2:24  Probe  
  28  2:35  Warp Gate  
  28  2:36  Probe  
  29  2:48  Probe  
  29  2:50  Probe  
  31  2:55  Adept  
  31  2:57  Phoenix  
  33  3:00  Probe  
  33  3:01  Probe  
  37  3:09  Probe  
  38  3:12  Probe  
  38  3:13  Pylon  
  39  3:22  Probe  
  39  3:25  Probe  
  39  3:26  Oracle  
  44  3:34  Probe  
  41  3:38  Gateway, Probe  
  42  3:46  Probe  
  42  3:48  Probe, Robotics Facility  
  43  3:51  Assimilator  
  43  3:53  Assimilator  
  44  3:56  Probe  
  44  3:58  Probe  
  46  4:05  Twilight Council  
  46  4:06  Probe  
  47  4:10  Probe  
  47  4:16  Probe  
  48  4:22  Gateway, Probe  
  48  4:23  Gateway  
  48  4:24  Probe  
  51  4:34  Probe  
  51  4:35  Gateway  
  51  4:37  Warp Prism, Charge  
  51  4:38  Gateway  
  54  5:00  Templar Archives  
  54  5:04  Pylon  
  54  5:06  Pylon  
  54  5:23  Nexus  
  54  5:24  Pylon  
  54  5:26  Zealot  
  54  5:27  Zealot x2  
  54  5:28  Zealot  
  62  5:29  Probe  
  62  5:32  Probe  
  64  5:38  Pylon  
  64  5:40  Forge  
  64  5:41  Probe  
  65  5:44  Probe  
  66  5:51  High Templar x4  
  66  5:52  Zealot, Protoss Ground Weapons Level 1  
  66  5:54  Zealot  
  66  5:55  Archon x2  
  66  5:56  Probe  
  80  6:04  Probe  
  80  6:07  Observer  
  80  6:11  Pylon  
  82  6:17  Zealot x2  
  85  6:27  Probe x2  
  85  6:29  Zealot  
  85  6:30  Zealot x3  
  87  6:35  Probe  
  87  6:37  Probe  
  87  6:39  Probe  
  84  6:45  Probe x2  
  84  6:46  Immortal  
  84  6:51  Probe  
  84  6:53  Probe x2, Sentry x2  
  79  7:00  Gateway  
  79  7:01  Gateway, High Templar  
  85  7:11  Gateway  
  85  7:12  Gateway  
  85  7:15  Immortal  
  83  7:16  High Templar  
  83  7:21  Zealot x2  
  83  7:22  Archon, Zealot  
  91  7:29  Probe x2  
  97  7:33  Assimilator  
  97  7:35  Assimilator  
  97  7:38  High Templar x2  
  97  7:42  Probe x2  
  97  7:43  Probe  
  104  7:45  Pylon  
  104  7:48  Pylon  
  104  7:57  Probe  
  104  7:58  Probe  
  106  8:02  Immortal, Photon Cannon  
  110  8:09  Pylon x2, Archon  
  110  8:11  High Templar x2  
  110  8:12  Zealot x5  
  125  8:15  Archon  
  125  8:19  Pylon  
  124  8:30  Zealot, High Templar x2  
  124  8:32  Zealot x4  
  138  8:34  Archon, Protoss Ground Weapons Level 2  
  138  8:38  Pylon  
  138  8:39  Pylon  
  138  8:47  High Templar  
  138  8:48  Zealot, High Templar  
  142  8:52  Archon  
  144  8:56  Robotics Facility  
  144  8:59  Photon Cannon  
  144  9:04  Zealot x2  
  144  9:05  Zealot x5  
  156  9:23  Zealot x3  
  142  9:26  Zealot x5  
  142  9:29  Immortal  
  144  9:41  Immortal, Zealot  
  144  9:42  Zealot  
  148  9:47  Nexus  
  148  9:49  Pylon  
  148  9:52  Probe  
  148  9:55  Sentry x2  
  148  9:56  Sentry x2  
  148  9:57  Probe  
  148  9:58  Blink  
  158  10:00  Probe x2  
  158  10:01  Immortal  
  160  10:08  Probe  
  160  10:09  Probe  
  160  10:12  Probe  
  151  10:17  Sentry x2  
  151  10:18  Sentry x2  
  151  10:20  Probe  
  154  10:24  Immortal  
  154  10:30  Assimilator  
  154  10:31  Assimilator  
  154  10:32  Pylon  
  158  10:48  Stalker x3  
  164  10:54  Stalker x2  
  156  11:08  High Templar x4  
  152  11:12  Archon  
  152  11:14  Zealot x4, Archon  
  157  11:21  Zealot x2  
  153  11:33  Immortal x2  
  153  11:39  Probe  
  156  11:45  Photon Cannon  
  156  11:49  Nexus  
  156  11:50  Pylon  
  156  11:53  Photon Cannon  
  156  11:54  High Templar  
  156  11:55  High Templar  
  156  11:56  High Templar x2  
  156  12:00  Archon x2  
  164  12:02  Zealot x5  
  164  12:05  Immortal  
  180  12:18  Stalker  
  182  12:23  Pylon  
  182  12:24  Photon Cannon  
  180  12:31  Stalker x3  
  180  12:34  Zealot x2  
  184  12:39  Zealot x2  
  186  12:44  Zealot x2  
  186  12:50  Stalker  
  188  12:55  Zealot x5  
  190  13:16  Zealot x9  
  190  13:17  Zealot  
  182  13:31  Stargate  
  176  13:34  Fleet Beacon  
  176  13:37  Stargate  
  176  13:40  Stalker x4  
  176  13:41  Stalker x3  
Tags
 
Add a new tag
Caveats
  • Supply blocks, unpowered buildings, or Contaminate may cause inaccurate times.
  • Supply counts are checked every 10 seconds.